Map: Ulrena

Players

PtitDrogo - Winner!

  • Race: Protoss Protoss
  • League: Master

Happy

  • Race: Terran Terran
  • League: Diamond

Event: DreamHack ROCCAT LotV Championship

VOD

Have the link to the VOD?

Description

Time

  • Played on: Nov. 26, 2015, 4:54 p.m.
  • Length: 10:33

All games in this series

Show
View Real Time Build Order
Export as new Build Order

PtitDrogo Protoss - Winner!

Build Orders: 1 Gate Expand 

Get SALT Encoding   

  12  0:01  Probe (Chrono Boost)  
  13  0:11  Probe (Chrono Boost)  
  14  0:18  Pylon  
  14  0:22  Probe (Chrono Boost)  
  15  0:37  Probe (Chrono Boost), Gateway  
  15  0:42  Assimilator  
  16  0:47  Probe (Chrono Boost)  
  17  0:58  Probe (Chrono Boost)  
  18  1:08  Probe (Chrono Boost)  
  19  1:20  Nexus  
  19  1:29  Cybernetics Core  
  19  1:32  Probe (Chrono Boost)  
  20  1:43  Probe (Chrono Boost)  
  20  1:44  Assimilator  
  21  1:51  Pylon  
  21  1:53  Probe (Chrono Boost)  
  22  2:04  Probe (Chrono Boost)  
  22  2:05  Warp Gate (Chrono Boost)  
  23  2:11  Adept  
  23  2:14  Probe (Chrono Boost)  
  26  2:25  Probe  
  26  2:26  Robotics Facility  
  27  2:34  Gateway  
  28  2:40  Probe  
  28  2:44  Stalker  
  28  2:45  Probe  
  31  2:53  Mothership Core  
  31  2:56  Probe  
  34  3:06  Pylon  
  34  3:12  Probe  
  34  3:14  Probe, Observer (Chrono Boost)  
  34  3:16  Stalker  
  39  3:21  Stalker  
  39  3:26  Probe x2  
  43  3:31  Gateway  
  44  3:34  Observer (Chrono Boost)  
  44  3:44  Probe x2  
  44  3:46  Pylon  
  46  3:56  Probe x2 (Chrono Boost)  
  48  4:07  Probe x2 (Chrono Boost)  
  50  4:10  Twilight Council  
  50  4:12  Pylon  
  50  4:17  Probe x2 (Chrono Boost)  
  50  4:21  Stalker x2  
  54  4:28  Probe x2 (Chrono Boost)  
  53  4:32  Immortal (Chrono Boost)  
  57  4:39  Probe  
  57  4:44  Adept x2  
  62  4:47  Adept  
  64  4:54  Gateway  
  64  4:57  Assimilator  
  64  5:02  Pylon  
  64  5:04  Pylon  
  64  5:05  Adept  
  66  5:09  Stalker  
  68  5:15  Adept  
  68  5:17  Immortal  
  73  5:33  Gateway  
  73  5:35  Stalker x2  
  77  5:42  Pylon  
  77  5:47  Adept  
  51  6:12  Probe x2, Warp Prism  
  54  6:18  Stalker  
  54  6:19  Stalker x3  
  54  6:24  Probe x2  
  62  6:34  Blink (Chrono Boost)  
  62  6:36  Probe x2  
  59  6:48  Probe  
  59  6:49  Probe  
  61  6:54  Stalker x2  
  61  7:01  Probe x2  
  67  7:11  Observer  
  67  7:13  Probe x2  
  66  7:16  Adept  
  66  7:17  Adept x2  
  72  7:25  Probe x2  
  74  7:37  Probe x2  
  76  7:49  Probe x2  
  78  7:54  Pylon  
  78  8:01  Probe x2  
  78  8:02  Immortal  
  80  8:10  Stalker x4  
  92  8:13  Probe  
  92  8:17  Adept  
  95  8:22  Probe  
  95  8:25  Probe, Assimilator  
  96  8:34  Stalker x2  
  96  8:35  Stalker  
  102  8:47  Pylon  
  102  8:58  Nexus  
  102  9:01  Pylon  
  102  9:05  Probe x2  
  102  9:07  Warp Prism  
  100  9:30  Stalker x2  
  100  9:31  Stalker x3  
  106  9:35  Probe x2  
  112  9:56  Pylon  
  112  10:05  Adept x2  
  112  10:06  Adept  
  96  10:27  Stalker x3  
  96  10:28  Stalker  
Show
View Real Time Build Order
Export as new Build Order

Happy Terran 

Build Orders: 1/1/1, Liberator Opening 

Get SALT Encoding   

  12  0:00  SCV  
  13  0:13  SCV  
  14  0:17  Supply Depot  
  14  0:26  Refinery  
  14  0:29  SCV  
  15  0:41  SCV  
  16  0:45  Barracks  
  16  0:53  SCV  
  17  1:05  SCV  
  18  1:17  SCV  
  19  1:29  SCV  
  19  1:32  Factory, Marine  
  20  1:34  Supply Depot  
  21  1:41  Orbital Command  
  21  1:45  Refinery  
  21  1:50  Marine  
  22  2:02  Supply Depot  
  22  2:06  SCV  
  22  2:08  Marine  
  24  2:16  Starport  
  24  2:21  Widow Mine  
  26  2:24  SCV  
  26  2:27  Marine  
  28  2:36  SCV  
  29  2:40  Barracks  
  29  2:49  Widow Mine  
  29  2:50  Barracks Reactor  
  32  2:52  Medivac  
  32  2:57  SCV  
  34  3:01  Supply Depot  
  34  3:08  Liberator  
  34  3:09  SCV  
  35  3:17  Supply Depot  
  35  3:19  Factory Tech Lab  
  38  3:27  Marine  
  38  3:29  Marine  
  38  3:32  Marine  
  41  3:43  Siege Tank  
  44  3:49  Marine x2  
  44  3:52  Liberator  
  44  3:55  SCV  
  47  4:06  Marine  
  47  4:07  Marine  
  47  4:08  Supply Depot  
  48  4:26  Marine x2  
  48  4:27  SCV  
  47  4:32  Marine  
  48  4:38  Supply Depot  
  48  4:39  SCV  
  48  4:40  Siege Tank  
  48  4:44  Marine x2  
  54  4:50  Marine  
  55  4:52  Medivac  
  57  5:02  Marine x2  
  57  5:04  SCV  
  60  5:07  Marine  
  61  5:20  Marine  
  62  5:22  Siege Tank  
  62  5:27  Marine x2  
  67  5:37  Marine  
  68  5:45  Marine  
  67  5:58  Liberator  
  41  6:12  Marine  
  41  6:13  Marine  
  41  6:15  Marine  
  38  6:30  Marine  
  38  6:31  Command Center  
  39  6:34  Marine x2  
  41  6:48  Marine  
  41  6:52  Marine  
  41  6:53  Siege Tank  
  47  6:58  Barracks Tech Lab  
  46  7:06  Marine  
  47  7:11  Marine  
  47  7:15  Starport Reactor  
  48  7:17  Stimpack, Marine  
  49  7:24  Marine  
  48  7:30  SCV  
  48  7:33  Marine  
  48  7:35  Marine  
  48  7:41  Siege Tank  
  50  7:48  Orbital Command  
  50  7:56  Medivac  
  51  8:01  Medivac  
  51  8:02  Marine  
  51  8:04  Orbital Command  
  54  8:07  Marine  
  54  8:11  Marine  
  56  8:19  SCV  
  57  8:20  Marine  
  57  8:25  Orbital Command, Marine  
  59  8:29  Marine  
  59  8:33  SCV  
  60  8:38  Marine  
  60  8:39  Supply Depot  
  61  8:43  Marine  
  61  8:48  Orbital Command  
  62  8:50  Marine  
  62  8:51  Medivac  
  65  9:08  Marine x2  
  65  9:09  SCV  
  67  9:14  SCV, Marine  
  67  9:16  Siege Tank  
  72  9:18  Medivac  
  70  9:26  SCV  
  70  9:28  SCV  
  72  9:38  SCV  
  73  9:54  SCV  
  73  9:55  SCV  
  73  9:57  Marine x2  
  77  10:03  Bunker  

Tags
 
Add a new tag
Caveats
  • Supply blocks, unpowered buildings, or Contaminate may cause inaccurate times.
  • Supply counts are checked every 10 seconds.